 Dungeon Crawl Stone Soup version 0.20-a0-513-g02c11fc (webtiles) character file.

423190 nqkweflqenfkl the Earth Mage (level 23, -10/144 HPs)
             Began as a Gargoyle Earth Elementalist on Jan 22, 2017.
             Was the Champion of Vehumet.
             Killed from afar by a shadow dragon (11 damage)
             ... with a bolt of negative energy
             ... while paralysed by a sphinx
             ... on level 5 of the Vaults on Jan 23, 2017.
             The game lasted 05:41:49 (78382 turns).

nqkweflqenfkl the Earth Mage (GrEE)                Turns: 78382, Time: 05:41:50

Health: -10/144    AC: 31    Str: 14    XL:     23   Next: 75%
Magic:  48/54      EV:  2    Int: 24    God:    Vehumet [******]
Gold:   1212       SH:  0    Dex: 10    Spells: 2/59 levels left

rFire    + + +     SeeInvis .   K - +3 demon trident (freeze)
rCold    + . .     Gourm    .   Q - +2 robe {Archmagi}
rNeg     + . .     Faith    .   (no shield)
rPois    ∞         Spirit   .   g - +0 helmet "Hionenwe" {rPois rF++}
rElec    +         Reflect  +   L - +1 cloak
rCorr    +         Harm     .   C - +1 pair of gloves
MR       +....                  H - +2 pair of boots
Stlth    ++........             N - +4 amulet of reflection
Regen    0.4/turn               z - ring of wizardry
                                e - ring of magical power

@: paralysed, resistant, flying, very slightly contaminated, slowed, drained
A: big wings, large bone plates 1, negative energy resistance 1, electricity
resistance, unbreathing, petrification resistance, rot immunity, AC +17
}: 2/15 runes: decaying, serpentine
a: Stop Flying, Renounce Religion


You were on level 5 of the Vaults.
You worshipped Vehumet.
Vehumet was exalted by your worship.
You were near starving.

You visited 8 branches of the dungeon, and saw 38 of its levels.
You visited the Abyss 1 time.

You collected 4161 gold pieces.
You spent 2949 gold pieces at shops.

Inventory:

Hand Weapons
 K - a +3 demon trident of freezing (weapon)
Missiles
 b - 1028 stones (quivered)
Armour
 g - the +0 helmet "Hionenwe" (worn) {rPois rF++}
   (You found it on level 6 of the Lair of Beasts)

   It greatly protects you from fire.
   It protects you from poison.
 C - a +1 pair of gloves (worn)
 H - a +2 pair of boots (worn)
 L - a +1 cloak (worn)
 Q - a +2 robe of the Archmagi (worn)
Magical Staves
 V - an uncursed staff of wizardry
Jewellery
 c - an uncursed amulet of magic regeneration
 e - a ring of magical power (left hand)
 l - an uncursed ring of positive energy
 z - a ring of wizardry (right hand)
 N - a +4 amulet of reflection (around neck)
 Y - a +6 ring of dexterity
Wands
 d - a wand of flame (28/48)
 h - a wand of lightning (6/15)
 k - a wand of confusion (16/48)
 v - a wand of clouds (6/9)
 w - a wand of polymorph (15/24)
 x - a wand of paralysis (6/24)
 y - a wand of enslavement (20/24)
 B - a wand of digging (0/24)
 E - a wand of clouds (5/9)
 G - a wand of iceblast (8/15)
 O - a wand of lightning (11/15)
 S - a wand of digging (15/24)
 T - a wand of scattershot (3/9)
Scrolls
 a - 7 scrolls of teleportation
 j - 9 scrolls of identify
 o - 3 scrolls of magic mapping
 p - a scroll of immolation
 q - 2 scrolls of amnesia
 u - 10 scrolls of remove curse
 A - 3 scrolls of fog
 F - a scroll of recharging
 J - 2 scrolls of fear
Potions
 i - 9 potions of curing
 m - a potion of brilliance
 n - 7 potions of mutation
 r - a potion of cure mutation
 t - a potion of resistance
 I - a potion of heal wounds
 U - a potion of ambrosia
Books
 M - a book of Cantrips

   Spells                             Type                      Level
   a - Confusing Touch                Hexes                        1
   b - Animate Skeleton               Necromancy                   1
   c - Summon Small Mammal            Summoning                    1
   d - Apportation                    Translocation                1
 P - a book of Burglary

   Spells                             Type                      Level
   a - Swiftness                      Charms/Air                   2
   b - Passwall                       Transmutation/Earth          2
   c - Passage of Golubria            Translocation                4
   d - Lee's Rapid Deconstruction     Earth                        5
   e - Darkness                       Hexes                        6
   f - Invisibility                   Hexes                        6
 R - a book of the Earth

   Spells                             Type                      Level
   a - Leda's Liquefaction            Hexes/Earth                  4
   b - Bolt of Magma                  Conjuration/Fire/Earth       5
   c - Statue Form                    Transmutation/Earth          6
   d - Iron Shot                      Conjuration/Earth            6
   e - Shatter                        Earth                        9
Comestibles
 f - 14 meat rations


   Skills:
 + Level 14.9(14.3) Fighting
 * Level 13.0(12.4) Polearms
 - Level 7.1(6.6) Armour
 + Level 12.1(11.5) Dodging
 - Level 2.1(1.7) Stealth
 * Level 18.5(17.8) Spellcasting
 + Level 15.7(15.1) Conjurations
 - Level 0.7(0.2) Transmutations
 * Level 13.9(13.3) Fire Magic
 + Level 20.5(19.8) Earth Magic


You had 2 spell levels left.
You knew the following spells:

 Your Spells              Type           Power        Failure   Level  Hunger
a - Shatter               Erth           ########..   9%          9    #######
b - Stone Arrow           Conj/Erth      ######       0%          3    None
c - Lee's Rapid Deconstr  Erth           ########..   1%          5    None
d - Irradiate             Conj/Tmut      ######....   1%          5    None
e - Fireball              Conj/Fire      #######...   1%          5    None
f - Bolt of Draining      Conj/Necr      ######....   1%          5    None
g - Iron Shot             Conj/Erth      ########..   1%          6    ####...
h - Bolt of Magma         Conj/Fire/Erth #######...   1%          5    None
i - Bolt of Fire          Conj/Fire      #######...   1%          6    ####...
k - Lehudib's Crystal Sp  Conj/Erth      ########..   1%          8    #######


Dungeon Overview and Level Annotations

Branches:
Dungeon (15/15)            Temple (1/1) D:6            Lair (6/6) D:11
  Swamp (4/4) Lair:4        Snake (4/4) Lair:4        Slime (0/5) Lair:6
    Orc (2/2) D:11            Elf (0/3) Orc:2        Vaults (5/5) D:13
  Crypt (0/3) Vaults:3     Depths (1/5) D:15

Altars:
Ashenzari
Cheibriados
Dithmenos
Elyvilon
Fedhas
Gozag
Hepliaklqana
Kikubaaqudgha
Makhleb
Nemelex Xobeh
Okawaru
Qazlal
Ru
Sif Muna
Trog
Uskayaw
Vehumet
Xom
Yredelemnul
Zin
The Shining One
Beogh
Jiyva

Shops:
D:4 %   D:10 *   D:14 [   Orc:2 !:%:[   Vaults:3 (   Vaults:4 ?

Annotations:
Lair:3 exclusion: 2 oklob plants
Lair:4 Schizzik's ghost, adept DsGl


Innate Abilities, Weirdness & Mutations

You are resistant to torment.
Your stone body is resilient. (AC +17)
You are immune to poison.
Your large and strong wings let you fly indefinitely.
You resist negative energy. (rN+)
You are resistant to electric shocks. (rElec)
You can survive without breathing.
You are immune to petrification.
You are immune to rotting.
You are partially covered in large bone plates. (SH +4)


Message History

The shadow dragon breathes negative energy at you.
Helpless, you fail to dodge the bolt of negative energy.
You partially resist.
You feel drained.
* * * LOW HITPOINT WARNING * * *
The sphinx mumbles some strange words.
You shrug off the repeated paralysis!
The sphinx hits you but does no damage. The sphinx hits you.
* * * LOW HITPOINT WARNING * * *
The sphinx hits you but does no damage.
The shadow dragon bites you but does no damage.
The shadow dragon claws you.
* * * LOW HITPOINT WARNING * * *
The shadow dragon claws you.
* * * LOW HITPOINT WARNING * * *
The tengu reaver hits you but does no damage.
The tengu reaver pecks you but does no damage.
The tengu reaver claws you but does no damage.
The shadow dragon breathes negative energy at you.
The bolt of negative energy hits you! You partially resist.
You feel drained.
You die...

...)(.../[[..).
.)......!..[.[)
()..(..D...).[.
[.......[....).
)..).....*[...[
......[....[..[
.[[...H[D<[..[.
[$..[.Q@([<.[[.
.....[DH<<.....
......[[.[.....
...[...[[.[[..#
#.......[..†...
.[.([(.......).
[.[(.......#..Q
....$........#(


You could see 3 shadow dragons, 2 sphinxes, 2 tengu reavers and a battlesphere.

Vanquished Creatures
  Mara (Snake:4)
  Saint Roka (Orc:1)
  the Lernaean hydra (Swamp:4)
  Vashnia (Snake:4)
  Rupert (Lair:5)
  2 tentacled monstrosities (Vaults:5)
  Asterion (Vaults:3)
  A lich (Vaults:5)
  A titan (Vaults:5)
  Gastronok (Lair:3)
  3 sphinxes
  4 tentacled starspawn (Abyss:3)
  Agnes (Snake:1)
  Frances (Snake:2)
  2 thorn hunters
  A shadow dragon (Vaults:4)
  Kirke (Lair:5)
  14 nagarajas
  Roxanne (Snake:1)
  A tengu reaver (Vaults:4)
  3 fire giants
  An iron dragon (Vaults:5)
  Aizul (Snake:1)
  18 vault wardens
  5 frost giants
  An orc warlord (Orc:1)
  A deep elf elementalist (Vaults:5)
  A very ugly thing (Vaults:5)
  12 ironheart preservers
  15 stone giants
  3 deep elf annihilators
  A deep elf demonologist (Vaults:3)
  2 entropy weavers
  3 ettins (Vaults:5)
  The ghost of MirrMurr the Impaler, a journeyman TeBe of Trog (Lair:5)
  2 deep elf death magi (Vaults:5)
  6 fire dragons
  A deep elf high priest (Vaults:5)
  Josephine (Snake:1)
  3 great orbs of eyes
  18 yaktaur captains
  2 rakshasas (Vaults:2)
  The ghost of skelma the Carver, a journeyman DsGl of Okawaru (Lair:4)
  3 ice dragons
  29 vault guards
  13 naga warriors
  An ice dragon (shapeshifter) (Vaults:2)
  10 centaur warriors
  20 hydras
  39 two-headed ogres
  16 alligators
  11 anacondas
  7 death knights
  A dancing weapon (Vaults:5)
  A hell hog (Abyss:3)
  6 death yaks
  12 ogre magi
  A thrashing horror (Abyss:3)
  8 orc high priests (Orc:2)
  21 naga sharpshooters
  3 shock serpents (Snake:4)
  A spriggan berserker (Swamp:2)
  Nergalle (D:10)
  3 deep elf knights
  A fire crab (Lair:6)
  A hell knight (Abyss:3)
  2 wretched stars (Abyss:3)
  A salamander mystic (Snake:4)
  15 skeletal warriors
  4 spriggan druids
  A shadow wraith (Vaults:3)
  An unseen horror (shapeshifter) (D:14)
  A flayed ghost (Vaults:4)
  12 naga ritualists
  4 unseen horrors
  3 shambling mangroves
  12 deep trolls
  3 wizards
  3 glowing orange brains
  10 swamp dragons
  4 lindwurms (Lair:2)
  8 harpies
  A wolf spider zombie (D:14)
  2 deep elf archers (Vaults:5)
  5 necromancers
  11 deep elf magi
  14 mana vipers
  2 phantasmal warriors
  18 orc knights
  7 large abominations
  26 ironbrand convokers
  5 manticores
  4 orc sorcerers
  4 wolf spiders
  30 ugly things
  A manticore (shapeshifter) (D:15)
  2 human zombies
  A cyclops (shapeshifter) (Vaults:5)
  13 cyclopes
  9 salamanders
  20 vault sentinels
  2 centaur zombies (D:14)
  A frost giant skeleton (Vaults:1)
  A worldbinder (Abyss:3)
  An ice statue (D:12)
  19 naga magi
  A rust devil (Abyss:3)
  An apocalypse crab (Abyss:3)
  10 elephants
  6 centaur skeletons
  29 spiny frogs
  3 gargoyles
  29 black mambas
  2 yaktaur zombies
  An orange demon (Abyss:3)
  11 komodo dragons
  A redback zombie (D:14)
  A kobold demonologist (D:11)
  13 freezing wraiths
  2 rime drakes
  An efreet (D:13)
  52 yaktaurs
  2 demonic crawlers (Abyss:3)
  2 ancient zymes (Abyss:3)
  A hellwing (Abyss:3)
  A troll (shapeshifter) (Vaults:3)
  A harpy zombie (D:15)
  6 tyrant leeches
  19 hornets
  14 trolls
  2 meliai (shapeshifter)
  A tengu conjurer (D:11)
  A wind drake (shapeshifter) (Vaults:4)
  12 polar bears
  14 bog bodies
  57 slime creatures
  An ettin zombie (Vaults:5)
  7 dream sheep (Lair:6)
  7 raiju
  23 hippogriffs
  A meliai zombie (D:10)
  3 shadows
  An ettin skeleton (Vaults:1)
  A redback (Vaults:4)
  11 spriggans
  10 wraiths
  A spriggan (shapeshifter) (Abyss:3)
  2 vampires
  4 ynoxinuls (Abyss:3)
  4 hogs (Lair:5)
  6 wyverns
  6 hungry ghosts
  21 yaks
  2 steam dragons (Lair:6)
  5 basilisks
  2 human simulacra
  17 vampire mosquitoes
  Grum (D:10)
  22 swamp worms
  17 wargs
  48 nagas
  A soldier ant (D:10)
  2 soldier ants (shapeshifter)
  16 water moccasins
  32 insubstantial wisps
  5 acid dragons
  13 hell hounds (Lair:6)
  6 porcupines
  Purgy (D:3)
  39 orc warriors
  2 ice beasts
  8 sky beasts
  15 black bears
  2 elf zombies
  16 swamp drakes
  2 hornet zombies
  A necrophage (D:15)
  6 phantoms
  2 ogres (shapeshifter)
  32 wolves
  5 boggarts (Vaults:2)
  16 centaurs
  35 ogres
  6 human skeletons
  17 crocodiles
  5 big kobolds
  A gnoll sergeant (D:11)
  21 bullfrogs
  2 wyvern zombies
  9 small abominations (Abyss:3)
  5 scorpions
  11 killer bees
  9 wights
  3 howler monkeys
  2 electric eels
  4 crimson imps
  2 quasits
  A bullfrog zombie (D:12)
  32 orc priests
  A gnoll shaman (Orc:1)
  9 hounds
  2 jellies
  17 orc wizards
  A bullfrog skeleton (D:10)
  Jessica (D:3)
  6 iguanas
  Ijyb (D:3)
  19 worker ants
  A killer bee zombie (D:6)
  Robin (D:4)
  A gnoll (shapeshifter) (Vaults:3)
  12 gnolls
  13 adders
  A howler monkey skeleton (D:9)
  5 shadow imps
  A white imp (Abyss:3)
  A dart slug (D:1)
  8 leopard geckos
  123 orcs
  5 bats
  2 giant cockroaches
  11 hobgoblins
  11 jackals
  3 quokkas
  5 frilled lizards
  10 goblins
  22 kobolds
  2 leopard gecko skeletons
  6 rats
  11 crawling corpses (Vaults:5)
  2 fungi
1854 creatures vanquished.

Vanquished Creatures (others)
  A yaktaur captain (Vaults:2)
  2 centaur warriors (Vaults:3)
  A naga sharpshooter (Snake:3)
  A cyclops (Vaults:1)
  A black mamba (Snake:3)
  3 yaktaurs
  2 humans (Lair:5)
  A crocodile (Lair:6)
  A bullfrog (Lair:5)
  A small abomination (Abyss:3)
  An orc wizard (D:9)
  14 fungi
  41 plants
  4 starspawn tentacles (Abyss:3)
74 creatures vanquished.

Grand Total: 1928 creatures vanquished

Notes
Turn   | Place    | Note
-------+----------+-------------------------------------------
     0 | D:1      | nqkweflqenfkl the Gargoyle Earth Elementalist began the quest for the Orb.
     0 | D:1      | Reached XP level 1. HP: 10/10 MP: 3/3
   237 | D:1      | Reached XP level 2. HP: 13/15 MP: 3/5
   981 | D:2      | Reached XP level 3. HP: 19/19 MP: 1/7
   986 | D:2      | Learned a level 3 spell: Stone Arrow
  1059 | D:2      | Reached skill level 4 in Earth Magic
  1744 | D:2      | You fall through a shaft!
  1764 | D:3      | Noticed Jessica
  2315 | D:3      | Reached XP level 4. HP: 19/24 MP: 4/8
  2385 | D:3      | Noticed Ijyb
  2390 | D:3      | Killed Ijyb
  2390 | D:3      | Reached skill level 1 in Conjurations
  2552 | D:3      | Noticed Purgy
  2560 | D:3      | Killed Purgy
  2560 | D:3      | Reached XP level 5. HP: 20/28 MP: 4/11
  2569 | D:3      | Reached skill level 5 in Earth Magic
  2820 | D:3      | Killed Jessica
  2820 | D:3      | Reached XP level 6. HP: 32/32 MP: 8/12
  3611 | D:4      | Reached skill level 5 in Spellcasting
  3877 | D:4      | Reached XP level 7. HP: 15/36 MP: 10/14
  4054 | D:4      | Found Odycw's Food Shoppe.
  4274 | D:4      | Noticed Robin
  4311 | D:4      | Killed Robin
  4430 | D:4      | Found a bloodstained altar of Trog.
  4572 | D:4      | Reached skill level 6 in Earth Magic
  4795 | D:5      | Entered Level 5 of the Dungeon
  5170 | D:5      | Reached XP level 8. HP: 41/41 MP: 7/17
  6029 | D:6      | Learned a level 5 spell: Lee's Rapid Deconstruction
  6187 | D:6      | Found a staircase to the Ecumenical Temple.
  6196 | Temple   | Entered the Ecumenical Temple
  6202 | Temple   | Became a worshipper of Vehumet
  6338 | D:6      | Reached skill level 7 in Earth Magic
  6367 | D:6      | Reached skill level 5 in Conjurations
  7644 | D:6      | Reached skill level 1 in Fighting
  7644 | D:6      | Reached skill level 1 in Armour
  7644 | D:6      | Reached XP level 9. HP: 14/47 MP: 10/20
  8189 | D:7      | Reached skill level 1 in Polearms
 10118 | D:8      | Got a jewelled falchion
 10237 | D:8      | Reached * piety under Vehumet
 10237 | D:8      | Offered knowledge of Magic Dart by Vehumet.
 10701 | D:8      | Reached skill level 8 in Earth Magic
 10848 | D:8      | Reached XP level 10. HP: 55/56 MP: 9/22
 11020 | D:8      | Identified the +11 falchion "Cuzan" {venom, rF+ Int+2 Stlth+} (You found it on level 8 of the Dungeon)
 11080 | D:8      | Identified 2 scrolls of acquirement
 11904 | D:9      | Offered knowledge of Throw Flame by Vehumet.
 11931 | D:9      | Reached ** piety under Vehumet
 13033 | D:10     | Entered Level 10 of the Dungeon
 13054 | D:10     | Found Ydun's General Store.
 13414 | D:10     | Noticed Nergalle
 13428 | D:10     | Killed Nergalle
 13884 | D:10     | Found a shattered altar of Ashenzari.
 13968 | D:10     | Noticed Grum
 13981 | D:10     | Killed Grum
 14351 | D:10     | Noticed a two-headed ogre
 14356 | D:10     | Killed a two-headed ogre
 14356 | D:10     | Reached skill level 9 in Earth Magic
 14356 | D:10     | Reached XP level 11. HP: 49/62 MP: 8/24
 14745 | D:10     | Offered knowledge of Conjure Flame by Vehumet.
 14854 | D:11     | Reached skill level 5 in Armour
 15015 | D:11     | Found an ancient bone altar of Kikubaaqudgha.
 15054 | D:11     | Noticed a cyclops
 15057 | D:11     | Killed a cyclops
 15574 | D:11     | Reached skill level 5 in Fighting
 15578 | D:11     | Reached skill level 10 in Spellcasting
 15691 | D:11     | Found a staircase to the Orcish Mines.
 15692 | D:11     | Noticed a white ugly thing
 15704 | D:11     | Killed a white ugly thing
 15999 | D:11     | Reached *** piety under Vehumet
 16352 | D:11     | Found a staircase to the Lair.
 16879 | Lair:1   | Entered Level 1 of the Lair of Beasts
 17093 | Lair:1   | Offered knowledge of Dazzling Spray by Vehumet.
 17186 | Lair:1   | Found a dark tunnel.
 17720 | Lair:1   | Reached skill level 5 in Dodging
 18676 | Lair:2   | Reached XP level 12. HP: 67/69 MP: 19/26
 18976 | Lair:2   | Reached skill level 10 in Earth Magic
 19111 | Lair:2   | Reached **** piety under Vehumet
 19610 | Lair:2   | Reached skill level 5 in Polearms
 19841 | Lair:2   | Noticed a seven-headed hydra
 19846 | Lair:2   | Killed a seven-headed hydra
 20824 | Lair:2   | Gained mutation: You are partially covered in large bone plates. (SH +4) [potion of beneficial mutation]
 21076 | Lair:3   | Noticed Gastronok
 21262 | Lair:2   | Offered knowledge of Yara's Violent Unravelling by Vehumet.
 21574 | Lair:3   | Killed Gastronok
 22046 | Lair:3   | Reached XP level 13. HP: 57/76 MP: 28/28
 23113 | Lair:4   | Noticed Schizzik's ghost (adept DsGl)
 23367 | Lair:4   | Found a staircase to the Snake Pit.
 23375 | Lair:4   | Noticed skelma's ghost (journeyman DsGl)
 23486 | Lair:4   | Killed skelma's ghost
 24167 | Lair:4   | Found a staircase to the Swamp.
 25759 | Lair:5   | Noticed MirrMurr's ghost (journeyman TeBe)
 26427 | D:12     | Reached skill level 11 in Earth Magic
 28093 | D:13     | Noticed a fire dragon
 28138 | D:13     | Reached ***** piety under Vehumet
 28139 | D:13     | Offered knowledge of Irradiate by Vehumet.
 28149 | D:13     | Learned a level 5 spell: Irradiate
 28464 | D:13     | Found a glowing golden altar of the Shining One.
 29757 | D:13     | Gained mutation: Your large and strong wings let you fly indefinitely. [Gargoyle growth]
 29757 | D:13     | Reached XP level 14. HP: 67/84 MP: 29/30
 30344 | D:13     | Reached skill level 10 in Conjurations
 30767 | D:13     | Found a gate to the Vaults.
 31117 | D:14     | Found Royppeh's Armour Boutique.
 31122 | D:14     | Bought the +4 leather armour of Wonder {rF+ Stlth+} for 582 gold pieces
 31761 | D:14     | Reached skill level 12 in Earth Magic
 33671 | D:15     | Entered Level 15 of the Dungeon
 35018 | D:15     | Reached XP level 15. HP: 92/92 MP: 32/32
 35725 | D:15     | Reached skill level 10 in Fighting
 36281 | D:15     | Found a staircase to the Depths.
 36427 | D:15     | Offered knowledge of Conjure Ball Lightning by Vehumet.
 37138 | Orc:1    | Entered Level 1 of the Orcish Mines
 37854 | Orc:1    | HP: 2/92 [stone giant (16)]
 37855 | Orc:1    | Reached skill level 13 in Earth Magic
 38442 | Orc:2    | Entered Level 2 of the Orcish Mines
 38762 | Lair:5   | Killed MirrMurr's ghost
 39354 | Lair:5   | Learned a level 5 spell: Fireball
 39566 | Lair:5   | Noticed Kirke
 39596 | Lair:5   | Killed Kirke
 39596 | Lair:5   | Reached skill level 1 in Fire Magic
 40483 | Lair:6   | Entered Level 6 of the Lair of Beasts
 40750 | Lair:6   | Found a staircase to the Slime Pits.
 40769 | Lair:6   | Found a viscous altar of Jiyva.
 41301 | Lair:6   | Noticed Rupert
 41703 | Lair:5   | Killed Rupert
 41703 | Lair:5   | Reached XP level 16. HP: 18/99 MP: 16/34
 42416 | Lair:6   | Offered knowledge of Bolt of Draining by Vehumet.
 42435 | Lair:6   | Learned a level 5 spell: Bolt of Draining
 42777 | Lair:6   | Got a brightly glowing helmet
 42788 | Lair:6   | Identified the +0 helmet "Hionenwe" {rPois rF++} (You found it on level 6 of the Lair of Beasts)
 45109 | D:15     | Reached skill level 5 in Fire Magic
 45844 | Orc:2    | Found a staircase to the Elven Halls.
 45901 | Orc:2    | Noticed Saint Roka
 45933 | Orc:2    | Offered knowledge of Spellforged Servitor by Vehumet.
 46266 | Orc:1    | Killed Saint Roka
 46606 | Orc:2    | Found Ceoros's Food Shop.
 47087 | Orc:2    | Found a roughly hewn altar of Beogh.
 47273 | Orc:2    | Found Nitotiupp's Book Shoppe.
 47273 | Orc:2    | Found Caqingak's Distillery.
 47300 | Orc:2    | Bought a book of Power for 585 gold pieces
 47307 | Orc:2    | Learned a level 6 spell: Iron Shot
 47313 | Orc:2    | Learned a level 5 spell: Bolt of Magma
 47352 | Orc:2    | Found Nosaih's Armour Shoppe.
 47352 | Orc:2    | Found Bana's Book Shop.
 47682 | Orc:2    | Offered knowledge of Delayed Fireball by Vehumet.
 48044 | Swamp:1  | Entered Level 1 of the Swamp
 48546 | Swamp:1  | Reached XP level 17. HP: 104/104 MP: 35/35
 49981 | Swamp:2  | Reached skill level 14 in Earth Magic
 50694 | Swamp:2  | Reached skill level 15 in Spellcasting
 51887 | Swamp:3  | Offered knowledge of Bolt of Fire by Vehumet.
 51918 | Swamp:2  | Learned a level 6 spell: Bolt of Fire
 53593 | Swamp:4  | Entered Level 4 of the Swamp
 54360 | Swamp:4  | Reached ****** piety under Vehumet
 54369 | Swamp:4  | Reached XP level 18. HP: 82/112 MP: 23/37
 54692 | Swamp:4  | Reached skill level 10 in Polearms
 55368 | Swamp:4  | Noticed the 27-headed Lernaean hydra
 55373 | Swamp:4  | Killed the 27-headed Lernaean hydra
 55387 | Swamp:4  | Got a decaying rune of Zot
 55933 | Swamp:3  | Reached skill level 10 in Dodging
 55972 | Snake:1  | Entered Level 1 of the Snake Pit
 56002 | Snake:1  | Noticed Aizul
 56029 | Snake:1  | Killed Aizul
 56265 | Snake:1  | Noticed Roxanne
 56270 | Snake:1  | Killed Roxanne
 56501 | Snake:1  | Identified Roxanne's Catalogue of Changing (You took it off Roxanne on level 1 of the Snake Pit)
 56560 | Snake:1  | Noticed Josephine
 56562 | Snake:1  | Killed Josephine
 56622 | Snake:1  | Noticed Agnes
 56627 | Snake:1  | Killed Agnes
 56627 | Snake:1  | Offered knowledge of Poison Arrow by Vehumet.
 56636 | Snake:1  | Learned a level 6 spell: Poison Arrow
 57331 | Snake:2  | Noticed Frances
 57339 | Snake:2  | Killed Frances
 57645 | Snake:2  | Reached skill level 10 in Fire Magic
 60072 | Snake:4  | Entered Level 4 of the Snake Pit
 60075 | Snake:4  | Reached XP level 19. HP: 108/118 MP: 36/38
 60801 | Snake:4  | Got a slimy leather armour
 60846 | Snake:4  | Identified the +2 leather armour of Guziguga {rPois rC++ Str-5} (You found it on level 4 of the Snake Pit)
 60874 | Snake:4  | Reached skill level 15 in Earth Magic
 61062 | Snake:4  | Noticed Mara
 61063 | Snake:4  | Noticed nqkweflqenfkl's illusion
 61414 | Snake:4  | Offered knowledge of Lehudib's Crystal Spear by Vehumet.
 61414 | Snake:4  | Offered knowledge of Glaciate by Vehumet.
 61414 | Snake:4  | Offered knowledge of Chain Lightning by Vehumet.
 61421 | Snake:4  | Noticed nqkweflqenfkl's illusion
 61437 | Snake:4  | Killed Mara
 62262 | Snake:4  | Noticed Vashnia
 63034 | Snake:4  | Killed Vashnia
 63608 | Snake:4  | Got a serpentine rune of Zot
 63963 | Snake:4  | Reached XP level 20. HP: 111/124 MP: 15/40
 64946 | Depths:1 | Entered Level 1 of the Depths
 65045 | Vaults:1 | Entered Level 1 of the Vaults
 67682 | Vaults:2 | Upgraded the game from 0.20-a0-509-ga2a529b to 0.20-a0-513-g02c11fc
 67829 | Vaults:2 | Reached skill level 16 in Earth Magic
 68647 | Vaults:2 | Reached XP level 21. HP: 131/131 MP: 24/42
 68774 | Vaults:2 | Cast into level 3 of the Abyss (a wizard)
 69060 | Abyss:3  | Noticed a bone dragon
 69886 | Abyss:3  | Found a corrupted altar of Lugonu.
 70312 | Vaults:2 | Escaped the Abyss
 72269 | Vaults:3 | Reached skill level 15 in Conjurations
 72355 | Vaults:3 | Noticed Asterion
 72363 | Vaults:3 | Killed Asterion
 72369 | Vaults:3 | Found Ecwaph's Antique Weapon Shop.
 72865 | Vaults:3 | Found a staircase to the Crypt.
 73283 | Vaults:3 | Reached XP level 22. HP: 125/138 MP: 39/43
 73292 | Vaults:3 | Reached skill level 17 in Earth Magic
 75373 | Vaults:4 | Found Daashrem's Magic Scroll Shop.
 75381 | Vaults:4 | Bought a scroll of identify for 36 gold pieces
 75381 | Vaults:4 | Bought a scroll of identify for 36 gold pieces
 75381 | Vaults:4 | Bought a scroll of identify for 36 gold pieces
 75381 | Vaults:4 | Bought a scroll of identify for 36 gold pieces
 75381 | Vaults:4 | Bought a scroll of teleportation for 54 gold pieces
 75381 | Vaults:4 | Bought a scroll of brand weapon for 360 gold pieces
 75381 | Vaults:4 | Bought a scroll of teleportation for 54 gold pieces
 75433 | Vaults:4 | Learned a level 8 spell: Lehudib's Crystal Spear
 75633 | Vaults:4 | Paralysed by a sphinx for 7 turns
 76897 | Orc:2    | Bought a book of the Earth for 1170 gold pieces
 76911 | Orc:2    | Learned a level 9 spell: Shatter
 77196 | Vaults:5 | Entered Level 5 of the Vaults
 77197 | Vaults:5 | Reached skill level 18 in Earth Magic
 77199 | Vaults:5 | Reached XP level 23. HP: 144/144 MP: 45/45
 77202 | Vaults:5 | Reached skill level 19 in Earth Magic
 77212 | Vaults:5 | Reached skill level 20 in Earth Magic
 77923 | Vaults:5 | Noticed a golden dragon
 78371 | Vaults:5 | Paralysed by a sphinx for 5 turns
 78381 | Vaults:5 | Paralysed by a sphinx for 6 turns
 78381 | Vaults:5 | HP: 4/144 [shadow dragon (6)]
 78381 | Vaults:5 | HP: 1/144 [shadow dragon (3)]
 78382 | Vaults:5 | Killed from afar by a shadow dragon

Vault maps used:
D:1:      dpeg_arrival_houses_and_road
D:2:      first_bread
D:3:      uniq_iyjb, uniq_purgy, uniq_jessica
D:4:      serial_shops, shop, bloody_trog, uniq_robin
D:6:      minmay_misc_feat_four_crosses, hangedman_abyss_or_decor_lesser_grid,
          grunt_ministairs_1
D:10:     serial_shops, nicolae_shop_trees, basic_altar, uniq_nergalle,
          uniq_grum
D:11:     erik_lair_island, basic_altar, grunt_tengu_nest
D:12:     minmay_statue_hallways, wad_floor_pattern_1
D:13:     david_vaults_4, basic_altar, kennysheep_nondescript, kennysheep_nub
D:14:     serial_park_tiny_2, serial_shops, kennysheep_little_box
D:15:     hangedman_depths_entry_try_elsewhere_first,
          portal_ice_cave_entry_pillars_1, minmay_tree_intersection,
          minivault_14, st_stairs_13
Temple:   dpeg_three_leaves_temple
Lair:1:   nicolae_volcano_entry_lava_flow, infiniplex_staircase_pool_2
Lair:2:   minmay_lindwurm_lava, grunt_megastairs_5
Lair:3:   serial_bayou_pond_c, serial_bayou_shore_b, minmay_lair_oklob_chamber,
          uniq_gastronok
Lair:4:   swamp_mist, guppyfry_snake_entry_garden, lemuel_fruit_tree,
          grunt_megastairs_4
Lair:5:   beast_lair_carwin_1, uniq_kirke
Lair:6:   hangedman_lair_caniforms_friends, guppyfry_lair_end_dragon,
          slime_altar_1, uniq_rupert
Swamp:1:  evilmike_swamp_ruin_house_3, swamp_pool1, hangedman_swamp_pad
Swamp:2:  cheibrodos_swamp_heart_of_darkness, serial_swamp_ruin,
          evilmike_swamp_ruin_house_1, evilmike_swamp_ruin_rubble_1,
          evilmike_swamp_ruin_rubble_2, swamp_pool2
Swamp:3:  evilmike_swamp_ruin_house_6
Swamp:4:  grunt_swamp_rune_castle
Snake:1:  uniq_josephine, uniq_agnes, uniq_aizul, uniq_roxanne
Snake:2:  statue_in_the_mist_lemuel, uniq_frances
Snake:3:  nicolae_snake_round_shape_thing
Snake:4:  snake_pit, uniq_mara, uniq_vashnia
Orc:2:    st_orc_town, serial_shops, shop, uniq_saint_roka
Vaults:1: ontoclasm_vaults_misaligned, st_smaller_cells,
          ontoclasm_vaults_ring_small, nicolae_vaults_hallways_thing,
          vaults_dpeg_cross, grunt_vaults_swirl,
          ontoclasm_vaults_claustrophobia, ontoclasm_vaults_loading_screen,
          hangedman_vaults_snaps, nicolae_vaults_shelves_hall, v_rooms_3,
          vaults_room_pool
Vaults:2: ontoclasm_vaults_spin, nicolae_vaults_circle_grid_a,
          dpeg_vaults_monster_box, v_pattern_4, ontoclasm_vaults_chip,
          nicolae_vaults_sealed_display
Vaults:3: vaults_room_door_hall, v_misc_24, hangedman_vaults_slice,
          nicolae_vaults_network_quinsquares,
          nicolae_vaults_windows_and_doors_thing, ontoclasm_vaults_ring_large,
          blue_anna_dwarven_crypt, vaults_mumra_chevron_long, v_misc_15,
          st_spiral_rooms, hangedman_vaults_unwind, nicolae_vaults_rhombus_6,
          hangedman_vaults_restitches, grunt_vaults_focal, serial_shops, shop,
          uniq_asterion
Vaults:4: nicolae_vaults_border_crossing, v_alt_pattern_1,
          grunt_vaults_hallway_short, nicolae_vaults_alarming,
          ontoclasm_vaults_pinch, vaults_dpeg_encased_lava,
          vaults_standard_mumra_enter_the_diamond, nicolae_vaults_what_the_h,
          v_misc_17, ontoclasm_vaults_chip, hangedman_vaults_maws, serial_shops,
          shop_fountains
Depths:1: pf_coc_iceberg, hangedman_abyss_or_decor_clamps, nooodl_orcs_dogs
Abyss:3:  evilmike_abyss_rune_ettins

Skill      XL: |  1  2  3  4  5  6  7  8  9 10 11 12 13 14 15 16 17 18 19 20 21 22 23 |
---------------+----------------------------------------------------------------------+-----
Earth Magic    | 4 5 6 7 8 9 10 11 12 13 14 15 16 18 20 | 20.5
Spellcasting   | 3 4 5 6 7 8 9 10 11 12 13 14 15 16 17 18 | 18.5
Conjurations   | 2 3 4 5 6 7 8 9 10 11 12 13 14 15 | 15.7
Fighting       | 1 3 4 5 7 8 9 10 11 12 13 14 | 14.9
Armour         | 1 3 4 5 7 |  7.1
Polearms       | 2 3 4 5 6 7 8 9 10 11 12 13 | 13.0
Dodging        | 2 4 5 6 7 8 9 10 11 12 | 12.1
Fire Magic     | 3 6 8 10 11 12 13 | 13.9
Stealth        | |  2.1
Transmutations | |  0.7

Action                   |  1- 3 |  4- 6 |  7- 9 | 10-12 | 13-15 | 16-18 | 19-21 | 22-24 || total
-------------------------+-------+-------+-------+-------+-------+-------+-------+-------++-------
Melee: Dagger            |    91 |       |       |       |       |       |       |       ||    91
       Spear             |       |    93 |   265 |     8 |       |       |       |       ||   366
       Demon trident     |       |       |       |   486 |  1022 |  2032 |   812 |   201 ||  4553
       Falchion          |       |       |       |     4 |       |       |       |       ||     4
Throw: Stone             |       |       |       |       |       |     2 |       |       ||     2
 Cast: Sandblast         |    28 |    16 |    34 |     2 |    48 |       |       |       ||   128
       Stone Arrow       |     1 |     3 |    86 |   268 |   573 |    96 |     2 |       ||  1029
       Lee's Rapid Decon |       |       |       |    14 |    51 |    24 |    41 |    33 ||   163
       Fireball          |       |       |       |       |    16 |    64 |    97 |    13 ||   190
       Bolt of Draining  |       |       |       |       |       |    33 |       |       ||    33
       Bolt of Magma     |       |       |       |       |       |   170 |   143 |    17 ||   330
       Iron Shot         |       |       |       |       |       |    82 |   162 |    68 ||   312
       Bolt of Fire      |       |       |       |       |       |     4 |    52 |    22 ||    78
       Poison Arrow      |       |       |       |       |       |     1 |     2 |     1 ||     4
       Irradiate         |       |       |       |       |       |       |     3 |     2 ||     5
       Shatter           |       |       |       |       |       |       |       |    20 ||    20
 Abil: Fly               |       |       |       |       |     1 |       |       |       ||     1
Evoke: Wand              |       |       |     2 |    18 |    13 |       |     8 |       ||    41
       Fan of gales      |       |       |       |     1 |       |       |       |       ||     1
  Use: Scroll            |     7 |     4 |     9 |    14 |    18 |    17 |    18 |     3 ||    90
       Potion            |       |       |     3 |    10 |     9 |     3 |    12 |     5 ||    42
 Stab: Sleeping          |     2 |     2 |    13 |     7 |     2 |     7 |     2 |     2 ||    37
       Distracted        |       |       |       |     2 |     5 |     6 |     1 |       ||    14
       Confused          |       |       |       |       |     3 |       |       |       ||     3
  Eat: Chunk             |     4 |     4 |    17 |    24 |    40 |    38 |    33 |    13 ||   173
       Royal jelly       |       |     1 |     1 |     3 |     4 |    16 |       |     3 ||    28
       Fruit             |       |       |     5 |     7 |    29 |     5 |     2 |     3 ||    51
       Bread ration      |       |       |       |     2 |     1 |     6 |     9 |     1 ||    19
       Meat ration       |       |       |       |       |       |       |     1 |     2 ||     3
Armor: Robe              |    44 |    34 |   130 |   355 |   153 |    48 |   259 |   134 ||  1157
       Leather armour    |       |       |       |       |   368 |   818 |       |       ||  1186
Dodge: Dodged            |    66 |    60 |   184 |   539 |   840 |  1546 |   549 |   192 ||  3976
Block: Other             |       |       |       |    20 |   206 |   360 |   230 |    85 ||   901
       Reflection        |       |       |       |       |       |       |    26 |    14 ||    40
